 Dungeon Crawl Stone Soup version 0.31-a0-154-g56bf346678 (webtiles) character file.

Game seed: 1381857972862435314

134 ytrimaz the Grave Robber (level 4, 0/30 HPs)
             Began as a Mummy Necromancer on June 11, 2023.
             Killed from afar by an orc wizard (4 damage)
             ... with a puff of flame
             ... on level 3 of the Dungeon.
             The game lasted 00:03:50 (2925 turns).

ytrimaz the Grave Robber (Mummy Necromancer)        Turns: 2925, Time: 00:03:51

Health: 0/30       AC:  5    Str: 11    XL:     4   Next: 95%
Magic:  0/10       EV: 12    Int: 16    God:
Gold:   101        SH:  0    Dex: 12    Spells: 6/12 levels left

rFire   x . .        (no weapon)
rCold   + . .        (no shield)
rNeg    + + +        a - +1 robe
rPois   ∞            (no helmet)
rElec   .            d - scarf {shadows}
rCorr   .            i - +0 pair of gloves
SInv    .            j - +0 pair of boots
Will    .....        (no amulet)
Stlth   +            (no ring)
HPRegen 0.25/turn    (no ring)
MPRegen 0.12/turn

%: faith
@: confused
A: cold resistance 1, negative energy resistance 3, torment resistance 2, heat
vulnerability 1, in touch with death 1, no potions, faith
a: no special abilities


You were on level 3 of the Dungeon.
You visited 1 branch of the dungeon, and saw 3 of its levels.

You collected 101 gold pieces.


Innate Abilities, Weirdness & Mutations

You are immune to poison.
Your flesh is cold resistant. (rC+)
You are immune to negative energy. (rN+++)
You are immune to unholy pain and torment.
You are vulnerable to heat. (rF-)
You are in touch with the powers of death.
You do not drink.
You have a special connection with the divine. (Faith)


   Skills:
 - Level 1.5 Dodging
 - Level 1.5 Stealth
 + Level 4.8 Spellcasting
 + Level 5.2 Necromancy


You had 6 spell levels left.
You knew the following spells:

 Your Spells              Type           Power      Damage    Failure   Level
a - Necrotise             Necr           100%       1d9       1%          1
b - Vampiric Draining     Necr           31%        2d8       5%          3
c - Blink                 Tloc           6%         N/A       24%         2

Your spell library contained the following spells:

 Spells                   Type           Power      Damage    Failure   Level
 Animate Dead             Necr           31%        N/A       17%         4
 Ensorcelled Hibernation  Hex/Ice        6%         N/A       24%         2
 Passwall                 Tmut/Erth      2%         N/A       24%         2
 Swiftness                Air            3%         N/A       43%         3
 Agony                    Necr           31%        N/A       43%         5
 Manifold Assault         Tloc           3%         N/A       83%         4
 Storm Form               Tmut/Air       Unusable   N/A       N/A         7

Inventory:

Missiles
 b - 2 poisoned darts
 g - 5 atropa-tipped darts
Armour
 a - a +1 robe (worn)
 d - a scarf of shadows (worn)
   (You found it on level 1 of the Dungeon)
 i - a +0 pair of gloves (worn)
   (You found it on level 2 of the Dungeon)
 j - a +0 pair of boots (worn)
   (You found it on level 2 of the Dungeon)
Scrolls
 c - a scroll of summoning
 e - a scroll of amnesia {unknown}
 f - a scroll of fog {unknown}
 h - 2 scrolls of teleportation

Dungeon Overview and Level Annotations

Branches:
Dungeon (3/15) Zot: 15073

Altars:
Gozag

##..###.###.# #..###.# #.#
#......# #.# ##'###### #.#
##.).## #.# ##.....## #.##
#.......## #..##
.........####...##########
.........'......@o†o).)...
.........####...#######o..
#.....))## #..##.##
##.....## #....#.#
##...#### #####.##
##'###.. ..#.# #.# #.#
#.#.# #.# #.# #.#.#
##.###.######.#.#


You could see an orc wizard and an orc.


Message History

Your orc skeleton is destroyed!
You feel a surge of power!
The orc writhes in agony. 😎 MP[-1]
You lost 1 mp, and now have 6/10 mp.
Unknown command.
You feel a surge of power!
The orc writhes in agony.
You kill the orc!
The dead are walking!
An orc wizard comes into view. It is wielding a +0 dagger. 😎 MP[-1]
You lost 1 mp, and now have 5/10 mp.
Unknown command. 😎 MP[+1] Unknown command.
Natasha claws your orc skeleton.
Your orc skeleton hits Natasha.
Unknown command.
Natasha claws your orc skeleton.
Your orc skeleton is destroyed!
Unknown command.
Casting: Necrotise (safe; 1% risk of failure)
Confirm with . or Enter, or press ? or * to list all spells.
Aiming: Vampiric Draining (dangerous; 6% risk of failure)
Press: ? - help, Shift-Dir - straight line, f - Natasha
Aim: Natasha (lightly wounded)
You feel a surge of power!
You draw life force from Natasha!
Natasha drinks a potion.
Natasha is healed! 😎 MP[-3]
You lost 3 mp, and now have 3/10 mp.
Casting: Vampiric Draining (dangerous; 6% risk of failure)
Confirm with . or Enter, or press ? or * to list all spells.
Aiming: Vampiric Draining (dangerous; 6% risk of failure)
Press: ? - help, Shift-Dir - straight line, f/p - Natasha
Aim: Natasha (lightly wounded)
You feel a surge of power!
You draw life force from Natasha!
You kill Natasha!
Natasha screams in pain as she dies! 😎 MP[-3]
You lost 3 mp, and now have 0/10 mp.
Unknown command.
You hit the orc wizard.
The orc wizard hits you with a +0 dagger. 😕 HP[-2]
You take 2 damage, and now have 28/30 hp.
You barely miss the orc wizard. You punch the orc wizard.
The orc wizard casts a spell at you. The magic dart hits you. 😕 HP[-4]
You take 4 damage, and now have 24/30 hp.
Unknown command.
You closely miss the orc wizard.
The orc wizard hits you with a +0 dagger. 😮 HP[-2]
You take 2 damage, and now have 22/30 hp.
You closely miss the orc wizard.
The orc wizard hits you with a +0 dagger. 😮 HP[-4] MP[+1]
You take 4 damage, and now have 18/30 hp.
You closely miss the orc wizard.
The orc wizard hits you with a +0 dagger. 😮 HP[-2]
You take 2 damage, and now have 16/30 hp.
Unknown command.
Aiming: Necrotise (safe; 1% risk of failure)
Press: ? - help, Q - select action, (/) - cycle Shift-Dir - straight line, f - orc wizard
Aim: an orc wizard, wielding a +0 dagger and wearing a +0 robe (heavily wounded, chance to affect: 83%)
You feel a surge of power!
The orc wizard writhes in agony!
The orc wizard barely misses you. 😮 MP[-1]
You lost 1 mp, and now have 0/10 mp.
Unknown command.
You barely miss the orc wizard.
An orc comes into view. It is wielding a +0 hand axe.
The orc wizard gestures at you while chanting.
You are confused.
You bump into the rock wall.
The orc shouts!
The orc wizard closely misses you.
Unknown command.
You miss the orc wizard. The orc wizard casts a spell at you.
The puff of flame hits you! The fire burns you terribly!
* * * LOW HITPOINT WARNING * * *
An orc comes into view. It is wielding a +0 flail. 😱 HP[-9]
You take 9 damage, and now have 7/30 hp.
MASSIVE DAMAGE!! (PAUSE)
You can't drink.
Unknown command.
You are too confused!
The orc wizard attacks as you move away!
The orc wizard hits you with a +0 dagger.
* * * LOW HITPOINT WARNING * * *
😱 HP[-3]
You take 3 damage, and now have 4/30 hp.
Unknown command.
You bump into the rock wall.
The orc wizard gestures at you while chanting.
The puff of flame hits you. The fire burns you terribly!
You die...

Skill      XL: |  1  2  3  4 |
---------------+-------------+-----
Spellcasting   | 3 4 |  4.8
Necromancy     | 5 |  5.2
Dodging        | |  1.5
Stealth        | |  1.5

Action                     |  1- 3 |  4- 6 || total
---------------------------+-------+-------++-------
  Melee: Unarmed           |     6 |     8 ||    14
         Punch             |       |     1 ||     1
   Cast: Necrotise         |    73 |    32 ||   105
         Vampiric Draining |     2 |     2 ||     4
    Use: Scroll            |     4 |     3 ||     7
 Armour: Robe              |     4 |     1 ||     5
  Dodge: Dodged            |    17 |     4 ||    21

Levels and vault maps discovered:
D:1:      roderic_crossed_star, layout_basic, skrybe_limestone_x,
          grunt_decor_arrowhead, minmay_fountain_box, minmay_pentomino_x2
D:2:      layout_loops_ring, basic_altar, serial_glass, glass_columns_a,
          glass_columns_a, glass_columns_c, glass_columns_a, glass_columns_c,
          glass_columns_a
D:3:      layout_loops_corners, okawaru_altar_gauntlet_db, supply_closet_lemuel,
          uniq_ijyb, uniq_natasha, uniq_pargi

Notes
Turn   | Place    | Note
-------+----------+-------------------------------------------
     0 | D:1      | ytrimaz the Mummy Necromancer began the quest for the Orb.
     0 | D:1      | Reached XP level 1. HP: 13/13 MP: 4/4
     0 | D:1      | magus.rc [v1.9.6]
    66 | D:1      | Reached skill level 3 in Spellcasting
   210 | D:1      | Reached XP level 2. HP: 19/19 MP: 1/6
   401 | D:1      | You pick up a book of Burglary and begin reading...
   401 | D:1      | You add the spells Passwall, Ensorcelled Hibernation and
                  | Swiftness to your library.
  1151 | D:2      | Gained mutation: You are in touch with the powers of death.
                  | [Mummy growth]
  1151 | D:2      | Reached XP level 3. HP: 14/24 MP: 2/8
  1253 | D:2      | Learned a level 3 spell: Vampiric Draining
  1456 | D:2      | Found an opulent altar of Gozag.
  1602 | D:2      | Reached skill level 4 in Spellcasting
  1754 | D:2      | Reached XP level 4. HP: 30/30 MP: 5/10
  2045 | D:2      | Reached skill level 5 in Necromancy
  2085 | D:2      | You add the spells Blink and Manifold Assault to your
                  | library.
  2280 | D:2      | Learned a level 2 spell: Blink
  2901 | D:3      | Noticed Natasha
  2914 | D:3      | Killed Natasha
  2923 | D:3      | HP: 7/30 [orc wizard/puff of flame (10)]
  2925 | D:3      | Killed from afar by an orc wizard

Vanquished Creatures
  Natasha (D:3)
  4 adders
  A worm (D:2)
  A dart slug (D:1)
  7 orcs (D:3)
  7 bats
  4 endoplasms
  2 giant cockroaches
  2 goblins (D:1)
  7 hobgoblins
  3 jackals (D:2)
  6 kobolds
  A quokka (D:2)
  3 ball pythons
  2 frilled lizards (D:1)
  4 rats
55 creatures vanquished.

Vanquished Creatures (collateral kills)
  A ball python (D:1)
  A jackal (D:2)
  A kobold (D:1)
3 creatures vanquished.

Grand Total: 58 creatures vanquished

Table legend:
 A = Non-vault XP
 B = Vault XP
 C = Vault XP percentage of total XP
 D = Non-vault monster count
 E = Vault monster count
 F = Vault count percentage of total count
                 A         B        C        D         E       F
            +---------+---------+-------+---------+---------+-------
      Total |     156 |      36 |  18.8 |      56 |       2 |   3.4
            +---------+---------+-------+---------+---------+-------
        D:1 |      38 |       1 |   2.6 |      21 |       1 |   4.5
        D:2 |      83 |       0 |   0.0 |      26 |       0 |   0.0
        D:3 |      35 |      35 |  50.0 |       9 |       1 |  10.0
            +---------+---------+-------+---------+---------+-------

Skill      XL: |  1  2  3  4 |
---------------+-------------+-----
Spellcasting   | 3 4 |  4.8
Necromancy     | 5 |  5.2
Dodging        | |  1.5
Stealth        | |  1.5

Action                     |  1- 3 |  4- 6 || total
---------------------------+-------+-------++-------
  Melee: Unarmed           |     6 |     8 ||    14
         Punch             |       |     1 ||     1
   Cast: Necrotise         |    73 |    32 ||   105
         Vampiric Draining |     2 |     2 ||     4
    Use: Scroll            |     4 |     3 ||     7
 Armour: Robe              |     4 |     1 ||     5
  Dodge: Dodged            |    17 |     4 ||    21

Illustrated notes

Table legend:
 A = Kills in this place as a percentage of kills in the entire game.
 B = Kills by you in this place as a percentage of kills by you in the entire game.
 C = Kills by friends in this place as a percentage of kills by friends in the entire game.
 D = Other kills in this place as a percentage of other kills in the entire game.
 E = Experience gained in this place as a percentage of experience gained in the entire game.
 F = Experience gained in this place divided by the number of levels of this place that you have seen.
                   A       B       C       D       E      F
               +-------+-------+-------+-------+-------+----------------------
         Total | 100.0 | 100.0 | 100.0 |   N/A | 100.0 |  64.0
       Dungeon | 100.0 | 100.0 | 100.0 |   N/A | 100.0 |  64.0
               +-------+-------+-------+-------+-------+----------------------

Table legend: (Time is in decaauts)
 A = Elapsed time spent in this place.
 B = Non-inter-level travel time spent in this place.
 C = Inter-level travel time spent in this place.
 D = Time resting spent in this place.
 E = Time spent auto-exploring this place.
 F = Levels seen in this place.
 G = Mean time per level.
                   A        B        C        D        E       F      G
               +--------+--------+--------+--------+--------+-----+--------+
         Total |   2925 |   2820 |    105 |     71 |   2378 |   3 |  975.0 |
       Dungeon |   2925 |   2820 |    105 |     71 |   2378 |   3 |  975.0 |
               +--------+--------+--------+--------+--------+-----+--------+

Top non-repeatable levels by time:
     D:2: 1195 daAuts
     D:1: 1137 daAuts
     D:3: 593 daAuts
